 Dungeon Crawl Stone Soup version 0.31-a0-1074-g0b22e4e0f1 (webtiles) character file.

Game seed: 9592271376412152817

258 timneilson the Ruffian (level 6, -4/41 HPs)
             Began as an Octopode Shapeshifter on Nov 27, 2023.
             Was an Initiate of Gozag.
             Slain by Grinder (10 damage)
             ... while paralysed by Grinder
             ... on level 4 of the Dungeon.
             The game lasted 00:05:30 (2104 turns).

timneilson the Ruffian (Octopode Shapeshifter)      Turns: 2104, Time: 00:05:31

Health: -4/41      AC:  1    Str: 15    XL:     6   Next: 16%
Magic:  6/6        EV:  2    Int: 13    God:    Gozag
Gold:   173        SH:  0    Dex: 11    Spells: 5/5 levels left

rFire   . .          .
                       - Unarmed
rCold   . . .        (no shield)
rNeg    . . .        (helmet currently unavailable)
rPois   .            (no amulet)
rElec   .            f - ring of flight
rCorr   .            h - +5 ring of evasion
SInv    .            (no ring)
Will    .....        (no ring)
Stlth   +++          (no ring)
HPRegen 0.26/turn    (no ring)
MPRegen 0.10/turn    (no ring)
                     (no ring)

%: no passive effects
@: paralysed, beast-form, gold aura, flying
A: beast (slay +2), almost no armour, amphibious, 8 rings, camouflage 1,
gelatinous body 1, (nimble swimmer 1), tentacles
a: Begin Untransformation, Renounce Religion, Potion Petition, Call Merchant,
Bribe Branch


You were on level 4 of the Dungeon.
You worshipped Gozag.
Gozag was aware of your devotion.
You were a hulking beast.
You visited 1 branch of the dungeon, and saw 4 of its levels.

You collected 245 gold pieces.
You paid 72 gold pieces to Gozag.

Inventory:

Jewellery
 f - a ring of flight (left tentacle)
 h - a +5 ring of evasion (right tentacle)
Talismans
 b - a beast talisman
 c - a flux talisman
 i - a talisman of death
Wands
 j - a wand of charming (9)
Scrolls
 e - a scroll of torment {unknown}
 k - a scroll of enchant armour
Potions
 a - a potion of lignification
 d - 2 potions of heal wounds
 g - 4 potions of cancellation
 l - 2 potions of enlightenment
 m - a potion of might
 n - 2 potions of invisibility
 o - a potion of curing {unknown}
 r - a potion of berserk rage {unknown}


   Skills:
 * Level 2.7 Fighting
 * Level 3.3 Dodging
 + Level 2.3 Stealth
 * Level 3.9 Unarmed Combat
 + Level 1.1 Evocations
 * Level 3.9 Shapeshifting


You had 5 spell levels left.
You didn't know any spells.
Your spell library contained the following spells:

 Spells                   Type           Power      Damage    Failure   Level
 Slow                     Hex            0%         N/A       30%         1
 Confusing Touch          Hex            0%         N/A       67%         3
 Sigil of Binding         Hex            0%         N/A       67%         3
 Vampiric Draining        Necr           0%         2d6       67%         3


Dungeon Overview and Level Annotations

Branches:
Dungeon (4/15)
 Temple: D:4-7

Altars:
Gozag
Qazlal
Ru

Annotations:
D:4 Grinder


Innate Abilities, Weirdness & Mutations

You are a hulking beast.
Your limbs bulge with bestial killing power. (Slay +2)
You cannot wear most types of armour.
You are amphibious.
You can wear up to eight rings at the same time.
Your skin changes colour to match your surroundings (Stealth+).
Your rubbery body absorbs attacks. (AC +1, EV +1)
((You are camouflaged when in or above water. (Stealth+)))
You have tentacles for arms and can constrict up to eight enemies at once.


Message History

You kill the dart slug!
You now have 173 gold pieces (gained 6).
An adder comes into view.
The adder moves out of view.
An adder is nearby!
Grinder comes into view.
Grinder shouts!
Grinder gestures at you. Pain shoots through your body!
Found a scroll labelled COIGEU FIXAENTOIL.
The adder bites you. The adder closely misses you.
You barely miss the adder. Your grab misses the adder.
Your squeeze misses the adder. The adder barely misses you.
You miss the adder. You grab the adder. You constrict the adder.
The adder misses you.
You tentacle-slap the adder. You squeeze the adder.
The adder is severely wounded.
You constrict the adder. The adder closely misses you.
Grinder says, "FISH!"
You completely miss the adder. You squeeze the adder.
You kill the adder!
Grinder hits you but does no damage.
You tentacle-slap Grinder but do no damage.
You grab Grinder. You constrict Grinder. Grinder completely misses you.
You tentacle-slap Grinder but do no damage.
Grinder is lightly wounded.
You constrict Grinder. Grinder gestures at you.
You suddenly lose the ability to move!
You lose your grip on Grinder.
Grinder gestures at you. Pain shoots through your body! Grinder hits you.
You writhe in agony.
Grinder hits you! Grinder gestures at you. Pain shoots through your body!
* * * LOW HITPOINT WARNING * * *
Grinder hits you!
You die...
Grinder says, "Now the real fun starts!"
Your body crumbles into a pile of gold.

#.# #.# #.# #.#
#.# .?#####.# #
.......$##.##
#h....#
...####5##..##.
...5...........
.#.####.##..##.
#.##..# #..
#.##..# #.#
#.####.##..##.#.#
#
#.............#.#
..
######.##.#####.#
#####


You could see Grinder.

Vanquished Creatures
  An ogre (D:4)
  An iguana (D:4)
  7 gnolls (D:2)
  3 adders
  3 worms
  A dart slug (D:4)
  An orc (D:4)
  3 bats
  5 endoplasms
  3 giant cockroaches (D:1)
  A goblin (D:4)
  3 hobgoblins
  4 quokkas
  A ball python (D:4)
  4 frilled lizards
  5 kobolds
  4 rats
50 creatures vanquished.

Notes
Turn   | Place    | Note
-------+----------+-------------------------------------------
     0 | D:1      | timneilson the Octopode Shapeshifter began the quest for
                  | the Orb.
     0 | D:1      | Reached XP level 1. HP: 13/13 MP: 1/1
   189 | D:1      | Reached XP level 2. HP: 15/18 MP: 2/2
   298 | D:1      | Found a faded altar of an unknown god.
   684 | D:2      | Reached skill level 1 in Stealth
   684 | D:2      | Reached XP level 3. HP: 23/23 MP: 3/3
   891 | D:2      | Reached XP level 4. HP: 22/29 MP: 4/4
  1171 | D:2      | Found a sacrificial altar of Ru.
  1418 | D:3      | Reached XP level 5. HP: 22/34 MP: 5/5
  1864 | D:4      | Found a stormy altar of Qazlal.
  1930 | D:4      | Noticed an ogre
  1939 | D:4      | Killed an ogre
  1976 | D:4      | Reached skill level 1 in Evocations
  1976 | D:4      | Reached XP level 6. HP: 38/41 MP: 6/6
  2049 | D:4      | Found an opulent altar of Gozag.
  2059 | D:4      | Became a worshipper of Gozag Ym Sagoz the Greedy
  2091 | D:4      | Noticed Grinder
  2099 | D:4      | Paralysed by Grinder for 5 turns
  2104 | D:4      | Slain by Grinder

Illustrated notes

Levels and vault maps discovered:
D:1:      giann_forest_graveyard, layout_basic,
          dreamdust_ecumenical_altar_hidden_monk_grotto,
          chequers_serial_rivers_marsh
D:2:      layout_rooms, basic_altar, minmay_tripent
D:3:      layout_loops_ring
D:4:      layout_basic, grunt_qazlal_clouds, lemuel_round_altar, serial_rivers,
          chequers_serial_rivers_micro_b, chequers_serial_rivers_room_a,
          chequers_serial_rivers_micro_c, chequers_serial_rivers_micro_b,
          chequers_serial_rivers_small_a, uniq_grinder

Skill      XL: |  1  2  3  4  5 |
---------------+----------------+-----
Stealth        | 1 2 |  2.3
Fighting       | 2 |  2.7
Dodging        | 3 |  3.3
Evocations     | 1 |  1.1
Unarmed Combat | |  3.9
Shapeshifting  | |  3.9

Action                     |  1- 3 |  4- 6 || total
---------------------------+-------+-------++-------
  Melee: Unarmed           |    47 |    65 ||   112
         Tentacles         |     8 |    14 ||    22
         Constrict         |    11 |    17 ||    28
         Punch             |     1 |     1 ||     2
    Use: Scroll            |     5 |     8 ||    13
   Stab: Sleeping          |     9 |     5 ||    14
         Distracted        |     1 |       ||     1
 Armour: Skin              |    13 |    17 ||    30
  Dodge: Dodged            |    24 |    38 ||    62

Table legend: (Time is in decaauts)
 A = Elapsed time spent in this place.
 B = Non-inter-level travel time spent in this place.
 C = Inter-level travel time spent in this place.
 D = Time resting spent in this place.
 E = Time spent auto-exploring this place.
 F = Levels seen in this place.
 G = Mean time per level.
                   A        B        C        D        E       F      G
               +--------+--------+--------+--------+--------+-----+--------+
         Total |   2094 |   2041 |     53 |     32 |   1493 |   4 |  523.5 |
       Dungeon |   2094 |   2041 |     53 |     32 |   1493 |   4 |  523.5 |
               +--------+--------+--------+--------+--------+-----+--------+

Top non-repeatable levels by time:
     D:3: 633 daAuts
     D:2: 629 daAuts
     D:1: 587 daAuts
     D:4: 245 daAuts
